 Dungeon Crawl Stone Soup version 0.31.0-32-g396128a36d (webtiles) character file.

Game seed: 12460356579695700065

15 spaghetti the Caller (level 2, -2/22 HPs)
             Began as a Naga Summoner on Mar 10, 2024.
             Slain by a jackal (3 damage)
             ... on level 1 of the Dungeon.
             The game lasted 00:01:24 (551 turns).

spaghetti the Caller (Naga Summoner)                 Turns: 551, Time: 00:01:25

Health: -2/22      AC:  1    Str: 10    XL:     2   Next: 50%
Magic:  13/14      EV:  9    Int: 15    God:
Gold:   0          SH:  0    Dex: 11    Spells: 3/6 levels left

rFire   + . .        (no weapon)
rCold   x . .        (no shield)
rNeg    . . .        a - +0 robe
rPois   +            (no helmet)
rElec   .            (no cloak)
rCorr   .            (no gloves)
SInv    +            (no barding)
Will    .....        (no amulet)
Stlth   ++           c - ring of fire
HPRegen 0.23/turn    d - ring of magical power
MPRegen 0.14/turn

%: no passive effects
@: very slow
A: AC +0, large, see invisible, deformed body, poison resistance, slowness 2,
spit poison 1, naga tail 1
a: Spit Poison


You were on level 1 of the Dungeon.
You visited 1 branch of the dungeon, and saw 1 of its levels.

Inventory:

Armour
 a - a +0 robe (worn)
Jewellery
 c - a ring of fire (left hand)
 d - a ring of magical power (right hand)
Potions
 b - a potion of magic
 e - a potion of attraction {unknown}
 f - a potion of mutation {unknown}


   Skills:
 - Level 1.5 Dodging
 - Level 3.0 Stealth
 + Level 2.9 Spellcasting
 - Level 4.0 Summonings


You had 3 spell levels left.
You knew the following spells:

 Your Spells              Type           Power      Damage    Failure   Level
a - Summon Small Mammal   Summ           56%        N/A       4%          1
b - Call Imp              Summ           28%        N/A       6%          2

Your spell library contained the following spells:

 Spells                   Type           Power      Damage    Failure   Level
 Call Canine Familiar     Summ           14%        N/A       12%         3
 Summon Blazeheart Golem  Fire/Summ      12%        N/A       65%         4
 Summon Lightning Spire   Summ/Air       8%         N/A       65%         4


Dungeon Overview and Level Annotations

Branches:
Dungeon (1/15)

Altars:


Innate Abilities, Weirdness & Mutations

Your serpentine skin is tough. (AC +0)
You have supernaturally acute eyesight. (SInv)
Armour fits poorly on your strangely shaped body.
Your system is resistant to poisons. (rPois)
You cover ground very slowly.
You can spit poison.
You have a snake-like lower body.


Message History

A frilled lizard comes into view.
Your cerulean imp misses the jackal.
The jackal misses your cerulean imp. The bat hits you.
The kobold misses your quokka.
The jackal bites your cerulean imp but does no damage.
Your cerulean imp closely misses the jackal.
Your quokka bites the jackal but does no damage.
You can't do that yet.
The kobold hits your quokka with a +0 short sword.
Your cerulean imp hits the jackal but does no damage.
Your quokka closely misses the kobold.
The kobold hits your quokka with a +0 short sword.
The kobold barely misses your quokka.
You have got your breath back.
The bat hits you.
Your quokka misses the kobold.
Your cerulean imp hits the jackal from afar with a -3 spear.
The kobold throws a stone.
The stone hits your quokka.
Your quokka bites the kobold but does no damage.
The jackal bites you but does no damage.
The bat barely misses you.
Your quokka completely misses the kobold.
Your quokka closely misses the kobold.
The jackal closely misses you. The bat attacks as it pursues you!
The bat barely misses you. The bat hits you but does no damage.
Your cerulean imp closely misses the jackal.
The jackal bites you.
Your cerulean imp hits the bat but does no damage.
The jackal attacks as it pursues you! The jackal barely misses you.
The jackal bites you. The jackal barely misses you.
Your quokka bites the kobold.
The jackal attacks as it pursues you! The jackal bites you.
* * * LOW HITPOINT WARNING * * *
The kobold barely misses your quokka.
Your quokka closely misses the kobold.
The kobold closely misses your quokka. The jackal bites you.
* * * LOW HITPOINT WARNING * * *
The jackal bites you.
* * * LOW HITPOINT WARNING * * *
Your cerulean imp barely misses the bat.
The kobold barely misses your quokka. The jackal bites you.
You die...

..##.##..####..#...........>.#
#.##.#.#.####..##.#.#..####.#####
............#..##.#.#.......###.#
######.#.##.#...........######.#)
##..#.......####.÷.# ##..
##.......#.# #...# #..
####..####.# #...# ####..
#######.......##.# #...# #.....
.#....#.#......#@####..÷####.#.##
....†.#.#..#.....hb.5.........##
.#......#........h.l...K......#
......##..#............r.....÷##
.#....##+##.##.######...####.#.##
..######.##.##.# #...# #..... .##
#P~.♣#....# #...# ####.# ..#
#P~<.'.#### #...# #.# .##
#P~.♣#.# #...# #r#


You could see 2 jackals, a bat (ally target), a kobold (distracted), a frilled
lizard, a friendly cerulean imp (summoned) and a friendly quokka (summoned).

Vanquished Creatures
  A jackal (D:1)
  3 ball pythons (D:1)
  A bat (D:1)
  2 rats (D:1)
7 creatures vanquished.

Vanquished Creatures (collateral kills)
  2 bats (D:1)
  An endoplasm (D:1)
  A jackal (D:1)
  A kobold (D:1)
  2 ball pythons (D:1)
  A rat (D:1)
8 creatures vanquished.

Grand Total: 15 creatures vanquished

Notes
Turn   | Place    | Note
-------+----------+-------------------------------------------
     0 | D:1      | spaghetti the Naga Summoner began the quest for the Orb.
     0 | D:1      | Reached XP level 1. HP: 15/15 MP: 3/3
   303 | D:1      | Reached XP level 2. HP: 22/22 MP: 5/5
   308 | D:1      | Learned a level 2 spell: Call Imp
   550 | D:1      | HP: 1/22 [jackal (1)]
   551 | D:1      | Slain by a jackal

Illustrated notes

Levels and vault maps discovered:
D:1:      tarquinn_simple_flora_water_e, layout_loops_cross,
          minmay_misc_feat_doors

Action                     || total
---------------------------++-------
  Melee: Unarmed           ||    46
   Cast: Summon Small Mamm ||    12
         Call Imp          ||     4
Ability: Spit Poison       ||     8
   Stab: Sleeping          ||     5
 Armour: Robe              ||    68
  Dodge: Dodged            ||    51
